 Dungeon Crawl Stone Soup version 0.31.0-10-gcf4a605ca0 (webtiles) character file.

Game seed: 4746204189416341632

3 Persephone the Ruffian (level 1, -4/27 HPs)
             Began as a Naga Shapeshifter on Jan 25, 2024.
             Succumbed to a goblin's poison
             ... on level 1 of the Dungeon.
             The game lasted 00:00:27 (184 turns).

Persephone the Ruffian (Naga Shapeshifter)           Turns: 184, Time: 00:00:28

Health: -4/27      AC: 20    Str: 16    XL:     1   Next: 50%
Magic:  1/1        EV:  1    Int: 10    God:
Gold:   21         SH:  0    Dex: 10    Spells: 0/0 levels left

rFire   . .          .
                       - Unarmed
rCold   . . .        (no shield)
rNeg    . . .        a - melded +0 animal skin
rPois   +            (helmet currently unavailable)
rElec   .            (cloak currently unavailable)
rCorr   .            (gloves currently unavailable)
SInv    +            (no barding)
Will    .....        (no amulet)
Stlth   +            (no ring)
HPRegen 0.24/turn    (no ring)
MPRegen 0.07/turn

%: no passive effects
@: lethally poisoned (-4 -> -24), short of breath, tree-form
A: stationary, stasis, torment immunity, boosted hp, AC +0, large, see
invisible, (deformed body), (poison resistance), (slowness 2), spit poison 1,
(naga tail 1)
a: Spit Poison


You were on level 1 of the Dungeon.
You were a tree.
You visited 1 branch of the dungeon, and saw 1 of its levels.

You collected 21 gold pieces.

Inventory:

Armour
 a - a +0 animal skin (melded)
Talismans
 c - a beast talisman
 d - a flux talisman
Potions
 e - a potion of curing {unknown}
 f - a potion of berserk rage {unknown}


   Skills:
 - Level 1.1 Fighting
 - Level 1.6 Dodging
 + Level 3.0 Unarmed Combat
 + Level 3.0 Shapeshifting


You couldn't memorise any spells.
You didn't know any spells.
Your spell library was empty.

Dungeon Overview and Level Annotations

Branches:
Dungeon (1/15)

Altars:


Innate Abilities, Weirdness & Mutations

You are a tree.
Your roots penetrate the ground, keeping you stationary.
You cannot be teleported.
You are immune to unholy pain and torment.
Your maximum health is greatly increased.
Your equipment is partially melded.
((Your serpentine skin is tough. (AC +0)))
You have supernaturally acute eyesight. (SInv)
((Armour fits poorly on your strangely shaped body.))
((Your system is resistant to poisons. (rPois)))
((You cover ground very slowly.))
You can spit poison.
((You have a snake-like lower body.))


Message History

The endoplasm completely misses you.
You hit the endoplasm.
You kill the endoplasm!
You have got your breath back.
HP restored.
You now have 21 gold pieces (gained 6).
A kobold comes into view. It is wielding a +0 dagger.
You hit the kobold.
You kill the kobold!
Auto Killed stopped - Key pressed Key pressed, stopping explore.
You can't see any hostile targets in range.
You see here a +3 mace.
f - a ruby potion A goblin comes into view.
It is wielding a +1 dagger of venom.
The goblin shouts!
The goblin hits you with a +1 dagger of venom.
You are lethally poisoned!
Lua - Auto Kill stopped.
Not in fighting shape.
You barely miss the goblin.
You feel very sick.
The goblin hits you with a +1 dagger of venom.
* * * LOW HITPOINT WARNING * * *
An endoplasm comes into view.
Aiming: Spit Poison (3% risk of failure)
Press: ? - help, Q - select action Shift-Dir - straight line, f - goblin
Aim: a goblin, wielding a +1 dagger of venom (43% to hit)
The splash of poison hits the goblin.
The goblin is moderately wounded.
* * * LOW HITPOINT WARNING * * *
You feel sick.
The endoplasm quivers.
The goblin hits you with a +1 dagger of venom.
* * * LOW HITPOINT WARNING * * *
You are more poisoned.
Your transformation has ended.
You turn into a tree.
Your +0 animal skin melds into your body.
Your roots penetrate the ground.
You die...

#. ##J###
....#
##.#.#
..##..>.##
.........
#..g.#
#.#♣# #>#.#
#.#.# #>#.#
#.#.# #.#.#
.######)#.#
.........)#
#######.###
#...


You could see an endoplasm and a goblin.

Vanquished Creatures
  An endoplasm (D:1)
  A goblin (D:1)
  A kobold (D:1)
3 creatures vanquished.

Notes
Turn   | Place    | Note
-------+----------+-------------------------------------------
     0 | D:1      | Persephone the Naga Shapeshifter began the quest for the
                  | Orb.
     0 | D:1      | Reached XP level 1. HP: 18/18 MP: 1/1
   184 | D:1      | Succumbed to a goblin's poison

Illustrated notes

Levels and vault maps discovered:
D:1:      lemuel_arrival_behind_the_door_large, layout_loops_ring,
          shapermc_ecumenical_altar_totnotflames, supply_closet_lemuel

Action                     || total
---------------------------++-------
  Melee: Unarmed           ||     9
Ability: Spit Poison       ||     2
    Use: Potion            ||     1
 Armour: Animal skin       ||     4
  Dodge: Dodged            ||     2
